TOP OF THE 1ST |
Ithaca Fighting Imps batting - Pitching for Richland Rails : RHP Hirohisa Niiya
|
Pitching: RHP Hirohisa Niiya
|
|
Batting: RHB Jimmy Robinson
|
0-0: Ball 1-0: Foul Ball, location: 2F 1-1: Ball 2-1: SOLO HOME RUN (Flyball, 78XD, EV 100.0 MPH), Distance : 379 ft
|
Batting: LHB Pedro Reyes
|
0-0: Fly out, F9 (Line Drive, 9, EV 96.9 MPH)
|
Batting: RHB Graeme Dormer
|
0-0: Ball 1-0: Ball 2-0: Ball 3-0: Called Strike 3-1: Base on Balls
|
Batting: LHB Donald McJannett
|
0-0: Ball 1-0: Called Strike 1-1: Foul Ball, location: 2F 1-2: Ball 2-2: Strikes out looking
|
Batting: LHB Ewan Manshert
|
0-0: Ball 1-0: Called Strike 1-1: Swinging Strike 1-2: Ball 2-2: Fly out, F8 (Flyball, 8RD, EV 96.9 MPH)
|
Top of the 1st over - 1 run, 1 hit, 0 errors, 1 left on base; Ithaca 1 - Richland 0 |
BOTTOM OF THE 1ST |
Richland Rails batting - Pitching for Ithaca Fighting Imps : RHP Kian-tat Ts'ai
|
Pitching: RHP Kian-tat Ts'ai
|
|
Batting: LHB Júlio Solís
|
0-0: Called Strike 0-1: Ball 1-1: Ground out 6-3 (Groundball, 4M, EV 76.9 MPH)
|
Batting: LHB Glenn Lockhart
|
0-0: Foul Ball, location: 2F 0-1: Ball 1-1: Ground out U3 (Groundball, 3L, EV 98.1 MPH)
|
Batting: SHB Fa-hsien Tze
|
0-0: Called Strike 0-1: Ball 1-1: Swinging Strike 1-2: Ground out 4-3 (Groundball, 34, EV 82.5 MPH)
|
Bottom of the 1st over - 0 runs, 0 hits, 0 errors, 0 left on base; Ithaca 1 - Richland 0 |
TOP OF THE 2ND |
Ithaca Fighting Imps batting - Pitching for Richland Rails : RHP Hirohisa Niiya
|
Batting: LHB Bill Gracián
|
0-0: Called Strike 0-1: Swinging Strike 0-2: Ball 1-2: Ball 2-2: Ball 3-2: Base on Balls
|
Batting: RHB Nelson Rivera
|
0-0: Called Strike 0-1: Ball 1-1: Ball Bill Gracián is caught stealing 2nd base 2-4 2-1: Swinging Strike 2-2: Fly out, F9 (Flyball, 89M, EV 91.9 MPH)
|
Batting: RHB J.J. Holmes
|
0-0: Ball 1-0: Called Strike 1-1: Foul Ball, location: 2F 1-2: Foul Ball, location: 2F 1-2: Ball 2-2: Ball 3-2: Foul Ball, location: 2F 3-2: Base on Balls
|
Batting: RHB Atanza Vongor
|
0-0: Called Strike 0-1: Foul Ball, location: 2F 0-2: Strikes out looking
|
Top of the 2nd over - 0 runs, 0 hits, 0 errors, 1 left on base; Ithaca 1 - Richland 0 |
BOTTOM OF THE 2ND |
Richland Rails batting - Pitching for Ithaca Fighting Imps : RHP Kian-tat Ts'ai
|
Batting: LHB Tony Wonder
|
0-0: Ball 1-0: Fly out, F9 (Line Drive, 89D, EV 100.0 MPH)
|
Batting: RHB Ernesto Rivera
|
0-0: Fly out, F8 (Flyball, 8RD, EV 100.6 MPH)
|
Batting: RHB Falco Opsteegh
|
0-0: SINGLE (Groundball, 4D, EV 108.8 MPH)
|
Batting: RHB Hsui-chuan Hong
|
0-0: Ball 1-0: SINGLE (Flyball, 7LS, EV 100.6 MPH) Falco Opsteegh to second
|
Batting: RHB Kel Warren
|
0-0: Swinging Strike 0-1: Fly out, F5 (Popup, 5SF, EV 82.5 MPH)
|
Bottom of the 2nd over - 0 runs, 2 hits, 0 errors, 2 left on base; Ithaca 1 - Richland 0 |
TOP OF THE 3RD |
Ithaca Fighting Imps batting - Pitching for Richland Rails : RHP Hirohisa Niiya
|
Batting: RHB Jimmy Robinson
|
0-0: Ground out 5-3 (Groundball, 56, EV 105.0 MPH)
|
Batting: LHB Pedro Reyes
|
0-0: Called Strike 0-1: Ground out 4-3 (Groundball, 4M, EV 83.1 MPH)
|
Batting: RHB Graeme Dormer
|
0-0: Swinging Strike 0-1: Ball 1-1: Ball 2-1: SINGLE (Flyball, 89S, EV 87.5 MPH)
|
Batting: LHB Donald McJannett
|
0-0: Called Strike 0-1: Ball 1-1: Fly out, F5 (Popup, 5SF, EV 63.8 MPH)
|
Top of the 3rd over - 0 runs, 1 hit, 0 errors, 1 left on base; Ithaca 1 - Richland 0 |
BOTTOM OF THE 3RD |
Richland Rails batting - Pitching for Ithaca Fighting Imps : RHP Kian-tat Ts'ai
|
Batting: RHB Francisco Rodríguez
|
0-0: Fly out, F8 (Flyball, 8RD, EV 103.1 MPH)
|
Batting: LHB Júlio Solís
|
0-0: Foul Ball, location: 2F 0-1: Ball 1-1: Fly out, F8 (Flyball, 78S, EV 90.0 MPH)
|
Batting: LHB Glenn Lockhart
|
0-0: Ball 1-0: Foul Ball, location: 2F 1-1: Ball 2-1: Swinging Strike 2-2: SINGLE (Groundball, 4D, EV 101.9 MPH)
|
Batting: SHB Fa-hsien Tze
|
0-0: Ground out U3 (Groundball, 34, EV 88.8 MPH)
|
Bottom of the 3rd over - 0 runs, 1 hit, 0 errors, 1 left on base; Ithaca 1 - Richland 0 |
TOP OF THE 4TH |
Ithaca Fighting Imps batting - Pitching for Richland Rails : RHP Hirohisa Niiya
|
Batting: LHB Ewan Manshert
|
0-0: Ball 1-0: Called Strike 1-1: Ground out 3-1 (Groundball, 34S, EV 75.6 MPH)
|
Batting: LHB Bill Gracián
|
0-0: TRIPLE (Flyball, 89XD, EV 105.0 MPH)
|
Batting: RHB Nelson Rivera
|
0-0: Ball 1-0: Foul Ball, location: 2F 1-1: Ball 2-1: Ball 3-1: Swinging Strike 3-2: Ground out 6-3 (Groundball, 6M, EV 96.2 MPH) Bill Gracián scores
|
Batting: RHB J.J. Holmes
|
0-0: Ball 1-0: Called Strike 1-1: Fly out, F8 (Flyball, 8LM, EV 95.6 MPH)
|
Top of the 4th over - 1 run, 1 hit, 0 errors, 0 left on base; Ithaca 2 - Richland 0 |
BOTTOM OF THE 4TH |
Richland Rails batting - Pitching for Ithaca Fighting Imps : RHP Kian-tat Ts'ai
|
Batting: LHB Tony Wonder
|
0-0: Ball 1-0: Ground out U3 (Groundball, 3S, EV 85.0 MPH)
|
Batting: RHB Ernesto Rivera
|
0-0: Ground out 1-3 (Groundball, P, EV 79.4 MPH)
|
Batting: RHB Falco Opsteegh
|
0-0: Foul Ball, location: 2F 0-1: Ball 1-1: Fly out, F7 (Flyball, 7LM, EV 86.2 MPH)
|
Bottom of the 4th over - 0 runs, 0 hits, 0 errors, 0 left on base; Ithaca 2 - Richland 0 |
TOP OF THE 5TH |
Ithaca Fighting Imps batting - Pitching for Richland Rails : RHP Hirohisa Niiya
|
Batting: RHB Atanza Vongor
|
0-0: Called Strike 0-1: Called Strike 0-2: Strikes out swinging
|
Batting: RHB Jimmy Robinson
|
0-0: Foul Ball, location: 2F 0-1: Ball 1-1: Ball 2-1: Ball 3-1: SINGLE (Groundball, 6MD, EV 99.4 MPH)
|
Batting: LHB Pedro Reyes
|
0-0: Ball 1-0: Called Strike 1-1: Ball 2-1: Swinging Strike 2-2: Ball Jimmy Robinson steals 2nd base 3-2: Fly out, F7 (Line Drive, 7D, EV 87.5 MPH) Runner from 2nd tags up, SAFE at 3rd, no throw by LF
|
Batting: RHB Graeme Dormer
|
0-0: Foul Ball, location: 2F 0-1: Ball 1-1: Called Strike 1-2: Ball 2-2: Ground out U3 (Groundball, 3L, EV 90.6 MPH)
|
Top of the 5th over - 0 runs, 1 hit, 0 errors, 1 left on base; Ithaca 2 - Richland 0 |
BOTTOM OF THE 5TH |
Richland Rails batting - Pitching for Ithaca Fighting Imps : RHP Kian-tat Ts'ai
|
Batting: RHB Hsui-chuan Hong
|
0-0: Ball 1-0: Ball 2-0: Fly out, F7 (Flyball, 7, EV 83.1 MPH)
|
Batting: RHB Kel Warren
|
0-0: Called Strike 0-1: Ball 1-1: Ball 2-1: Called Strike 2-2: Ground out 4-3 (Groundball, 4, EV 103.1 MPH)
|
Batting: RHB Francisco Rodríguez
|
0-0: Ball 1-0: Ball 2-0: Ball 3-0: Base on Balls
|
Batting: LHB Júlio Solís
|
0-0: SINGLE (Groundball, 34D, EV 105.0 MPH) Francisco Rodríguez to second Runner from 2nd tries for 3rd, SAFE, throw by RF made to third
|
Batting: LHB Glenn Lockhart
|
0-0: Ball 1-0: Called Strike 1-1: Ball 2-1: Ball 3-1: Base on Balls Júlio Solís to second
|
Batting: SHB Fa-hsien Tze
|
0-0: Ball 1-0: TRIPLE (Line Drive, 8RXD, EV 105.6 MPH) Francisco Rodríguez scores Júlio Solís scores Glenn Lockhart scores
|
Batting: LHB Tony Wonder
|
0-0: Called Strike 0-1: Swinging Strike 0-2: Ball 1-2: Ball 2-2: 2-RUN HOME RUN (Flyball, 7D, EV 99.4 MPH), Distance : 359 ft
|
Pitching: RHP Doug Schmidt
|
|
Batting: RHB Ernesto Rivera
|
0-0: Called Strike 0-1: Foul Ball, location: 2F 0-2: Fly out, F4 (Popup, 23, EV 86.9 MPH)
|
Bottom of the 5th over - 5 runs, 3 hits, 0 errors, 0 left on base; Ithaca 2 - Richland 5 |
TOP OF THE 6TH |
Ithaca Fighting Imps batting - Pitching for Richland Rails : RHP Hirohisa Niiya
|
Batting: LHB Donald McJannett
|
0-0: Called Strike 0-1: Ball 1-1: Ball 2-1: Fly out, F8 (Flyball, 8RD, EV 101.9 MPH)
|
Batting: LHB Ewan Manshert
|
0-0: Fly out, F9 (Line Drive, 9, EV 96.2 MPH)
|
Batting: LHB Bill Gracián
|
0-0: Ball 1-0: Swinging Strike 1-1: Ball 2-1: Ball 3-1: Swinging Strike 3-2: Base on Balls
|
Batting: RHB Nelson Rivera
|
0-0: Fly out, F8 (Flyball, 8LM, EV 68.1 MPH)
|
Top of the 6th over - 0 runs, 0 hits, 0 errors, 1 left on base; Ithaca 2 - Richland 5 |
BOTTOM OF THE 6TH |
Richland Rails batting - Pitching for Ithaca Fighting Imps : RHP Doug Schmidt
|
Batting: RHB Falco Opsteegh
|
0-0: SINGLE (Groundball, 5, EV 83.1 MPH) (infield hit)
|
Batting: RHB Hsui-chuan Hong
|
0-0: Bunted foul 0-1: Ball 1-1: Sac Bunt to 23 - play at first, batter safe! Falco Opsteegh to second
|
Batting: RHB Kel Warren
|
0-0: Sac Bunt to 3S - play at first, batter OUT! 3-1 Falco Opsteegh to third Hsui-chuan Hong to second
|
Batting: RHB Francisco Rodríguez
|
0-0: Called Strike 0-1: Foul Ball, location: 2F 0-2: Ball 1-2: SINGLE (Groundball, 56, EV 97.5 MPH) Falco Opsteegh scores Hsui-chuan Hong to third Runner from 3rd tries for Home, SAFE, throw by LF to home
|
Batting: LHB Júlio Solís
|
0-0: Ball 1-0: Called Strike 1-1: Reached on error, E5 (Groundball, 56, EV 101.9 MPH) Francisco Rodríguez to second
|
Batting: LHB Glenn Lockhart
|
0-0: SINGLE (Flyball, 78M, EV 96.2 MPH) Francisco Rodríguez to third Júlio Solís to second
|
Batting: SHB Fa-hsien Tze
|
0-0: Called Strike 0-1: Fly out, F7 (Flyball, 78S, EV 86.2 MPH)
|
Batting: LHB Tony Wonder
|
0-0: Called Strike 0-1: Ball 1-1: Ball 2-1: SINGLE (Line Drive, 89S, EV 90.0 MPH) Francisco Rodríguez scores Júlio Solís to third Glenn Lockhart to second Runner from 3rd tries for Home, SAFE, no throw by RF
|
Batting: RHB Ernesto Rivera
|
0-0: Called Strike 0-1: Foul Ball, location: 2F 0-2: Foul Ball, location: 2F 0-2: Ball 1-2: Fly out, F7 (Flyball, 78D, EV 106.9 MPH)
|
Bottom of the 6th over - 4 runs, 5 hits, 1 error, 2 left on base; Ithaca 2 - Richland 9 |
TOP OF THE 7TH |
Ithaca Fighting Imps batting - Pitching for Richland Rails : RHP Hirohisa Niiya
|
Batting: RHB J.J. Holmes
|
0-0: Ball 1-0: Called Strike 1-1: Called Strike 1-2: Fly out, F8 (Flyball, 8RM, EV 85.6 MPH)
|
Batting: RHB Atanza Vongor
|
0-0: SINGLE (Groundball, 56D, EV 104.4 MPH)
|
Batting: RHB Jimmy Robinson
|
0-0: Ball 1-0: Ball 2-0: Ball 3-0: Called Strike 3-1: Base on Balls Atanza Vongor to second
|
Pitching: RHP Fei-hsien Cuan
|
|
Batting: LHB Pedro Reyes
|
0-0: Ball Atanza Vongor steals 3rd base Jimmy Robinson to second 1-0: Ball 2-0: Ball 3-0: Base on Balls
|
Batting: RHB Graeme Dormer
|
0-0: Ball 1-0: Foul Ball, location: 2F 1-1: Foul Ball, location: 2F 1-2: Foul Ball, location: 2F 1-2: Ball Wild Pitch! Atanza Vongor scores Jimmy Robinson to third Pedro Reyes to second 2-2: Foul Ball, location: 2F 2-2: Foul Ball, location: 2F 2-2: Strikes out swinging
|
Batting: LHB Donald McJannett
|
0-0: Called Strike 0-1: Swinging Strike 0-2: Ball 1-2: Strikes out swinging
|
Top of the 7th over - 1 run, 1 hit, 0 errors, 2 left on base; Ithaca 3 - Richland 9 |
BOTTOM OF THE 7TH |
Richland Rails batting - Pitching for Ithaca Fighting Imps : RHP Doug Schmidt
|
Batting: RHB Falco Opsteegh
|
0-0: SINGLE (Line Drive, 9LM, EV 100.6 MPH)
|
Batting: RHB Hsui-chuan Hong
|
0-0: Foul Ball, location: 2F 0-1: Ball 1-1: Fly out, F9 (Flyball, 9D, EV 100.6 MPH)
|
Batting: RHB Kel Warren
|
0-0: Ball 1-0: Ball 2-0: Foul Ball, location: 2F 2-1: Foul Ball, location: 2F 2-2: Foul Ball, location: 2F 2-2: Fly out, F8 (Flyball, 8LD, EV 96.2 MPH)
|
Batting: RHB Francisco Rodríguez
|
0-0: Fielders Choice at 2nd, 5-4 (Groundball, 56, EV 85.0 MPH)
|
Bottom of the 7th over - 0 runs, 1 hit, 0 errors, 1 left on base; Ithaca 3 - Richland 9 |
TOP OF THE 8TH |
Ithaca Fighting Imps batting - Pitching for Richland Rails : RHP Fei-hsien Cuan
|
Batting: LHB Ewan Manshert
|
0-0: Ball 1-0: Called Strike 1-1: Ball 2-1: Called Strike 2-2: Strikes out looking
|
Pitching: LHP Jamie Martin
|
|
Batting: LHB Bill Gracián
|
0-0: Foul Ball, location: 2F 0-1: DOUBLE (Line Drive, 8LXD, EV 100.6 MPH)
|
Batting: RHB Nelson Rivera
|
0-0: Ball 1-0: Ground out 6-3 (Groundball, 6, EV 90.0 MPH) Bill Gracián to third
|
Batting: RHB J.J. Holmes
|
0-0: Ball 1-0: Foul Ball, location: 2F 1-1: Called Strike 1-2: Ball 2-2: Strikes out looking
|
Top of the 8th over - 0 runs, 1 hit, 0 errors, 1 left on base; Ithaca 3 - Richland 9 |
BOTTOM OF THE 8TH |
Richland Rails batting - Pitching for Ithaca Fighting Imps : RHP Doug Schmidt
|
Batting: LHB Júlio Solís
|
0-0: Ball 1-0: Fly out, F6 (Flyball, 6MD, EV 87.5 MPH)
|
Batting: LHB Glenn Lockhart
|
0-0: Ball 1-0: Swinging Strike 1-1: Foul Ball, location: 2F 1-2: Ball 2-2: Ground out 4-3 (Groundball, 4, EV 106.9 MPH)
|
Batting: SHB Fa-hsien Tze
|
0-0: Foul Ball, location: 2F 0-1: Called Strike 0-2: Ball 1-2: Ball 2-2: Foul Ball, location: 2F 2-2: Foul Ball, location: 2F 2-2: Foul Ball, location: 2F 2-2: Foul Ball, location: 2F 2-2: Ball 3-2: Foul Ball, location: 2F 3-2: Fly out, F9 (Flyball, 89M, EV 93.8 MPH)
|
Bottom of the 8th over - 0 runs, 0 hits, 0 errors, 0 left on base; Ithaca 3 - Richland 9 |
TOP OF THE 9TH |
Ithaca Fighting Imps batting - Pitching for Richland Rails : LHP Jamie Martin
|
Batting: RHB Atanza Vongor
|
0-0: Ball 1-0: Called Strike 1-1: Ball 2-1: Fly out, F7 (Flyball, 78M, EV 84.4 MPH)
|
Batting: RHB Jimmy Robinson
|
0-0: Called Strike 0-1: Swinging Strike 0-2: Fly out, F7 (Line Drive, 7D, EV 86.2 MPH)
|
Batting: LHB Pedro Reyes
|
0-0: Ball 1-0: Ball 2-0: Ball 3-0: Base on Balls
|
Batting: RHB Graeme Dormer
|
0-0: Ball 1-0: Ball 2-0: Ball 3-0: Base on Balls Pedro Reyes to second
|
Batting: LHB Donald McJannett
|
0-0: Foul Ball, location: 2F 0-1: Swinging Strike 0-2: Strikes out swinging
|
Top of the 9th over - 0 runs, 0 hits, 0 errors, 2 left on base; Ithaca 3 - Richland 9 |
|